[Event "Early-Titled-Tuesday-Blitz-October-03-2023"]
[Site "Chess.com"]
[Date "2023.10.03"]
[Round "6"]
[White "biostatistician"]
[Black "santosalberto1987"]
[Result "1/2-1/2"]
[WhiteElo "2632"]
[BlackElo "2497"]
[TimeControl "180+1"]
[EndTime "9:07:25 PDT"]
[Termination "Game drawn by stalemate"]

1. d4 d5 2. Nf3 Nf6 3. c4 c6 4. cxd5 cxd5 5. Nc3 Nc6 6. Bf4 Bf5 7.
e3 e6 8. Qb3 Qb6 9. Qxb6 axb6 10. Bb5 Be7 11. Ne5 Rc8 12. Nxc6 bxc6 13. Ba6 Rd8 14.
Bc7 Rd7 15. Bxb6 O-O 16. a4 Ra8 17. Be2 Rb7 18. Bc5 Bxc5 19. dxc5 Rxb2 20. O-O Nd7 21.
a5 Nxc5 22. a6 Rb6 23. Ra5 Ne4 24. Nxe4 Bxe4 25. a7 h6 26. f3 Bg6 27. Rfa1 Kf8 28. Kf2 Ke7 29. R1a2 Kd6 30. g4 c5 31. Bb5 c4 32. e4 dxe4 33. Bxc4 exf3 34. Kxf3 f6 35. Ke3 Be8 36. Kd4 Bc6 37. Ra6 e5+ 38. Kc3 Rxa6 39. Rxa6 Kc7 40. Bd3 Rc8 41. Rxc6+ Kxc6 42. a8=Q+ Rxa8 43. Be4+ Kd6 44. Bxa8 g6 45. h4 Ke6 46. Kd3 h5 47. gxh5 gxh5 48. Bf3 f5 49. Bxh5 Kf6 50. Ke3 f4+ 51. Ke4 f3 52. Bxf3 Kg7 53. Kf5 Kh8 54. Be4 Kg7 55. Kg5 Kh8 56. Kf6 Kg8 57. Bg6 e4 58.
Bxe4 Kh8 59. h5 Kg8 60. h6 Kh8 61. h7 1/2-1/2

[Event "Early-Titled-Tuesday-Blitz-October-03-2023"]
[Site "Chess.com"]
[Date "2023.10.03"]
[Round "6"]
[White "Sadykov_Ramil"]
[Black "Nekoo04"]
[Result "1-0"]
[WhiteElo "2605"]
[BlackElo "2316"]
[TimeControl "180+1"]
[EndTime "9:07:25 PDT"]
[Termination "Sadykov_Ramil won on time"]

1. Nf3 d5 2. g3 Nf6 3. Bg2 e6 4. c4 Be7 5. O-O O-O 6. d4 c6 7.
Qc2 Nbd7 8. Nbd2 b6 9. e4 Bb7 10. b3 Rc8 11. Bb2 Re8 12. e5 Nh5 13. Rac1 c5 14. Rfd1 g6 15. Qd3 cxd4 16. Bxd4 Nc5 17. Qe3 Ng7 18. g4 Ne4 19. Nxe4 dxe4 20. Bb2 exf3 21.
Rxd8 Rcxd8 22. Bxf3 Bc5 23. Qe2 Bxf3 24. Qxf3 Rd2 25.
Bc3 Rxf2 26. Qxf2 Bxf2+ 27. Kxf2 Rd8 28. Ke3 h5 29. h3 hxg4 30. hxg4 Ne8 31. Bb4 Rd7 32.
a4 f6 33. exf6 Nxf6 34. g5 Nh7 35. Kf4 Rd3 36. a5 Rxb3 37. Bc3 bxa5 38. c5 a4 39. c6 Rb8 40. c7 Rc8 41. Be5 a3 42. Rb1 Nf8 43.
Rb8 a2 44. Rxc8 1-0

[Event "Early-Titled-Tuesday-Blitz-October-03-2023"]
[Site "Chess.com"]
[Date "2023.10.03"]
[Round "6"]
[White "MaxLeto"]
[Black "nitpicker"]
[Result "1-0"]
[WhiteElo "2475"]
[BlackElo "2241"]
[TimeControl "180+1"]
[EndTime "9:07:25 PDT"]
[Termination "MaxLeto won on time"]

1. g4 d5 2. Bg2 c6 3. h3 e5 4.
d4 e4 5. c4 Bd6 6. Nc3 Ne7 7.
Bg5 f6 8. Bh4 Ng6 9. Bg3 Bxg3 10.
fxg3 Qd6 11. Kf2 O-O 12. e3 f5 13. g5 f4 14. gxf4 Nxf4 15. exf4 Qxf4+ 16. Nf3 Na6 17. Ne2 Qf7 18. Ng1 Nb4 19. Qd2 Nd3+ 20. Ke2 Nf4+ 21.
Kd1 Nxg2 22. Qxg2 exf3 23. Qf2 Bf5 24. Kd2 Be4 25. c5 Qf4+ 26. Kc3 Qxg5 27. h4 Qg2 28. Rh2 Qg4 29. Nh3 Rae8 30. Ng5 h6 31. Rg1 Qf5 32.
Nh3 b6 33. Rg3 bxc5 34. dxc5 Qe5+ 35. Qd4 Qxd4+ 36. Kxd4 Rf5 37. Rf2 Ref8 38. Ng1 Kh7 39. b4 g5 40. hxg5 hxg5 41. a4 Kg6 42. b5 cxb5 43.
axb5 Rf4 44. Ke3 Kf5 45. Nh3 Rh4 46. Rxg5+ Kf6 47. Rg3 Rfh8 48. Ng1 1-0

[Event "Early-Titled-Tuesday-Blitz-October-03-2023"]
[Site "Chess.com"]
[Date "2023.10.03"]
[Round "6"]
[White "JimDiGrease"]
[Black "Fantastic_Power"]
[Result "1-0"]
[WhiteElo "2926"]
[BlackElo "2777"]
[TimeControl "180+1"]
[EndTime "9:07:26 PDT"]
[Termination "JimDiGrease won on time"]

1. d4 Nf6 2. c4 e6 3. Bf4 Bb4+ 4. Nd2 Nc6 5. Nf3 d6 6. a3 Bxd2+ 7. Qxd2 Qe7 8. e3 e5 9. Bg5 h6 10. Bh4 Bf5 11.
Be2 O-O 12. O-O g5 13. Bg3 Ne4 14. Qd1 h5 15. d5 Nb8 16. h4 g4 17. Nd2 Nxg3 18.
fxg3 Bg6 19. e4 Nd7 20. Bd3 c6 21. Qe2 a6 22. Rac1 Rfc8 23. Qe3 Kg7 24. Nb3 Rc7 25. Na5 Rac8 26. b4 Qd8 27. dxc6 bxc6 28. c5 dxc5 29.
Bxa6 Ra8 30. Be2 Nf6 31. Rxc5 Nxe4 32. Rxe5 Nf6 33. Qc3 Qd6 34. Nc4 Qd8 35. Rd1 Rd7 36. Rxd7 Qxd7 37. Nb6 Qa7 38. Qe3 Rd8 39. Nc4 Qxe3+ 40.
Rxe3 Nd5 41. Rb3 1-0

[Event "Early-Titled-Tuesday-Blitz-October-03-2023"]
[Site "Chess.com"]
[Date "2023.10.03"]
[Round "6"]
[White "rachidhuilda"]
[Black "APOKALIPSA13"]
[Result "1-0"]
[WhiteElo "2385"]
[BlackElo "2163"]
[TimeControl "180+1"]
[EndTime "9:07:26 PDT"]
[Termination "rachidhuilda won by resignation"]

1. d4 e5 2. dxe5 Nc6 3. Nf3 Qe7 4. Bf4 Qb4+ 5. Bd2 Qxb2 6. Nc3 Bb4 7. Rb1 Qxc3 8. Bxc3 Bxc3+ 9. Nd2 Bxe5 10. e4 Nf6 11.
Bd3 O-O 12. O-O Rd8 13. Nc4 Bc3 14. Rb3 Bd4 15. c3 Bc5 16. e5 d5 17. Ne3 Nxe5 18. Bb1 Bb6 19. h3 c6 20. a4 Be6 21.
Rb2 d4 22. cxd4 Rxd4 23. Qc2 Rad8 24. a5 Bxa5 25. Rxb7 Nc4 26. Rxa7 Bb6 27. Rb7 Nxe3 28. fxe3 Rd2 29. Qxd2 Rxd2 30. Rxb6 Kf8 31. Rxc6 Rxg2+ 32. Kxg2 Bd5+ 33. Kg3 Bxc6 34. Rc1 Bd5 35. Kf4 Be6 36. h4 Nd5+ 37. Kf3 g6 38. Be4 Nf6 39. Bb7 Ke7 40. Kf4 h6 41. Bf3 Kd6 42. e4 Nd7 43. Rd1+ Ke7 44.
e5 f6 45. exf6+ Kxf6 46. Rd6 Ke7 47. Ra6 Nf6 48. Ra7+ Kd6 49. Ra6+ Ke7 50. Ra7+ Kf8 51. Ke5 Bg4 52. Kxf6 Bxf3 53. Kxg6 h5 54. Kf6 Bg4 55. Ra8+ 1-0

[Event "Early-Titled-Tuesday-Blitz-October-03-2023"]
[Site "Chess.com"]
[Date "2023.10.03"]
[Round "6"]
[White "ContrVersia"]
[Black "CheckThis4"]
[Result "1/2-1/2"]
[WhiteElo "2893"]
[BlackElo "2705"]
[TimeControl "180+1"]
[EndTime "9:07:27 PDT"]
[Termination "Game drawn by repetition"]

1. Nf3 g6 2. c4 Bg7 3. d4 Nf6 4. g3 d5 5. cxd5 Nxd5 6. Bg2 Nb6 7. O-O Nc6 8. e3 O-O 9. Nc3 Re8 10. Re1 a5 11. h3 e5 12. d5 Nb4 13. e4 c6 14. a3 Na6 15. Bg5 Bf6 16. Bxf6 Qxf6 17. dxc6 bxc6 18. Rc1 Nc4 19. Qe2 Be6 20. Na4 Nd6 21.
Rxc6 Bd7 22. Rxa6 Rxa6 23. Qxa6 Bxa4 24. Qxa5 Bc2 25. Nd2 Rc8 26. Qa6 h5 27. Nf1 Kg7 28. Qe2 Bb3 29. Ne3 Be6 30. h4 Rb8 31. Rd1 Nb5 32. Nd5 Bxd5 33. exd5 Nd4 34. Qd2 Rb3 35. Kh1 Qb6 36. Qe1 f6 37. f4 exf4 38. Qe7+ Kh6 39. Qf8+ Kh7 40. Re1 Nf5 41. gxf4 Qf2 42. Qf7+ Kh6 43.
Qf8+ Kh7 44. Rc1 Qxh4+ 45. Kg1 Rb7 46. d6 Qxf4 47. Rf1 Qe3+ 48. Kh2 Qe5+ 49. Kg1 Qe3+ 50.
Kh2 Qe5+ 51. Kg1 Qe3+ 1/2-1/2

[Event "Early-Titled-Tuesday-Blitz-October-03-2023"]
[Site "Chess.com"]
[Date "2023.10.03"]
[Round "6"]
[White "NovozhilovSemen"]
[Black "Elsa167"]
[Result "0-1"]
[WhiteElo "2588"]
[BlackElo "2901"]
[TimeControl "180+1"]
[EndTime "9:07:27 PDT"]
[Termination "Elsa167 won by checkmate"]

1. d4 Nf6 2. Nf3 g6 3. Nc3 d5 4. Bf4 Bg7 5. Nb5 Na6 6. e3 c6 7. Nc3 Nb8 8. Be2 O-O 9. Ne5 Nbd7 10. h4 Nxe5 11. Bxe5 h5 12. Bxf6 exf6 13. g4 hxg4 14. Bxg4 f5 15. Bf3 f4 16. Qd2 Qf6 17. Be2 Bh6 18. e4 dxe4 19. Nxe4 Qe7 20. f3 Bf5 21. Nc3 Rad8 22. O-O-O Qe3 23. h5 Qxd2+ 24. Rxd2 Bg7 25. hxg6 fxg6 26. Bc4+ Rf7 27. Bxf7+ Kxf7 28. Rhd1 g5 29.
Ne2 Be6 30. b3 Bd5 31. Rf1 b5 32. Nc3 Be6 33. Ne4 Kg6 34. Rg2 g4 35. fxg4 Bxd4 36. Rh2 Be3+ 37. Kb1 Bxg4 38. a4 bxa4 39. bxa4 Kf5 40.
Nf2 Be2 41. Re1 Rb8+ 42. Ka1 Bd4+ 43. Ka2 Bc4+ 44. Ka3 Bb2# 0-1

[Event "Early-Titled-Tuesday-Blitz-October-03-2023"]
[Site "Chess.com"]
[Date "2023.10.03"]
[Round "6"]
[White "grandemestregringo"]
[Black "Gurvich_Vitaly"]
[Result "0-1"]
[WhiteElo "2536"]
[BlackElo "2720"]
[TimeControl "180+1"]
[EndTime "9:07:28 PDT"]
[Termination "Gurvich_Vitaly won on time"]

1. e4 c5 2. Nf3 Nc6 3. d4 cxd4 4. Nxd4 e5 5. Nb5 d6 6. c4 Be7 7. N1c3 a6 8. Na3 Nf6 9. Nd5 Nxe4 10. Bd3 Nf6 11. O-O Nxd5 12. cxd5 Nb8 13. Nc4 Nd7 14.
a4 O-O 15. Be3 f5 16. f3 Nf6 17. Nb6 Rb8 18. Rc1 e4 19. fxe4 fxe4 20. Be2 Nd7 21.
Rxf8+ Bxf8 22. Nxc8 Rxc8 23. Rxc8 Qxc8 24. Bg4 Qd8 25.
Be6+ Kh8 26. b4 Ne5 27. Qf1 Be7 28. Qf5 Qe8 29. Qxe4 Qxa4 30. h3 Qe8 31. Kh2 Bf6 32.
Qf4 Ng6 33. Qc4 Be5+ 34. Kg1 Ne7 35. Qc7 h6 36. Bf2 b5 37. Qa7 Qf8 38. Qxa6 Qf4 39.
Qxb5 Qc1+ 40. Qf1 Bh2+ 41. Kxh2 Qxf1 42. Bg3 Nf5 0-1

[Event "Early-Titled-Tuesday-Blitz-October-03-2023"]
[Site "Chess.com"]
[Date "2023.10.03"]
[Round "6"]
[White "Tssunami"]
[Black "betta2004"]
[Result "1-0"]
[WhiteElo "2412"]
[BlackElo "2525"]
[TimeControl "180+1"]
[EndTime "9:07:29 PDT"]
[Termination "Tssunami won by checkmate"]

1. d4 e5 2. c3 exd4 3. cxd4 d5 4. Nc3 Nf6 5. Bg5 Bb4 6. e3 O-O 7. a3 Bxc3+ 8. bxc3 c6 9. Bd3 Nbd7 10. Ne2 Qa5 11. Qc2 Re8 12. O-O Ne4 13. Bh4 f5 14. f3 Nd6 15. Bf2 Nf6 16. Ng3 g6 17. Rfe1 Bd7 18. e4 fxe4 19. fxe4 dxe4 20. Nxe4 Nfxe4 21. Bxe4 Nxe4 22. Rxe4 Bf5 23. Rxe8+ Rxe8 24. Qb3+ Qd5 25. c4 Qf7 26. d5 Re2 27. Re1 Rxe1+ 28. Bxe1 cxd5 29.
cxd5 Be4 30. Bf2 Bxd5 31. Qg3 a6 32. Bd4 Qe8 33. h3 b5 34. Qc7 Bf7 35. Qd6 Qe6 36. Qd8+ Be8 37. Qc7 Bf7 38. Kh2 h5 39. Qf4 Kh7 40.
Be3 Qd5 41. Bd4 Qe6 42. Qb8 g5 43. Qh8+ Kg6 44. Qg7+ Kf5 45. Qh7+ Bg6 46. Qc7 Ke4 47. Bb2 h4 48. Qc2+ Kd5 49. Qd2+ Kc6 50. Qxg5 Be4 51. Be5 Qa2 52. Qf6+ Kb7 53. Qe7+ Kb6 54. Qc7# 1-0

[Event "Early-Titled-Tuesday-Blitz-October-03-2023"]
[Site "Chess.com"]
[Date "2023.10.03"]
[Round "6"]
[White "Mystery2007"]
[Black "jaskol95"]
[Result "0-1"]
[WhiteElo "2474"]
[BlackElo "2629"]
[TimeControl "180+1"]
[EndTime "9:07:30 PDT"]
[Termination "jaskol95 won by checkmate"]

1. e4 d5 2. exd5 Nf6 3. Nf3 Bg4 4. h3 Bxf3 5. Qxf3 Qxd5 6. Be2 Nc6 7. O-O Nd4 8. Qd3 Nxe2+ 9. Qxe2 O-O-O 10. Nc3 Qc6 11.
d3 e6 12. Be3 Bc5 13. a4 Bxe3 14. fxe3 Rhf8 15. Nb5 Kb8 16. Ra3 Rd5 17. e4 Rc5 18. c3 a6 19. Nd4 Qd7 20. e5 Nd5 21. Qd2 Ne7 22. Nf3 Ng6 23. Qe2 Rd5 24. d4 c5 25. c4 Rxd4 26. Nxd4 Qxd4+ 27. Qe3 Qxe5 28. Qf2 Qd4 29. Rf3 Qxf2+ 30. R1xf2 f6 31. Rd2 Kc7 32. b3 Ne5 33. Re3 Rf7 34. Kf2 Nc6 35. Red3 Nd4 36. Rd1 e5 37. Ke3 Rd7 38. Ke4 Kd6 39. g4 Ke6 40. Re1 g6 41. Red1 f5+ 42. gxf5+ gxf5+ 43. Ke3 Rg7 44. Rf1 Rg3+ 45. Kd2 Rg2+ 46. Kd1 Ra2 47. Rd2 Ra1# 0-1

[Event "Early-Titled-Tuesday-Blitz-October-03-2023"]
[Site "Chess.com"]
[Date "2023.10.03"]
[Round "6"]
[White "Man-Chuk"]
[Black "LeoLV10"]
[Result "1-0"]
[WhiteElo "2775"]
[BlackElo "2574"]
[TimeControl "180+1"]
[EndTime "9:07:31 PDT"]
[Termination "Man-Chuk won by resignation"]

1. e4 c6 2. d4 d5 3. e5 c5 4. Nf3 e6 5. c3 Nc6 6. Be2 Qb6 7. O-O Bd7 8. a3 Nge7 9. dxc5 Qxc5 10. b4 Qb6 11. c4 dxc4 12. Nbd2 Qc7 13. Nxc4 Nd5 14. Bb2 Be7 15. Rc1 a6 16. Nd6+ Bxd6 17. exd6 Qxd6 18.
Bxg7 Rg8 19. Bb2 Qe7 20. Qd2 O-O-O 21. Ne5 Kb8 22. Bf3 Nxe5 23. Bxe5+ Ka8 24. Rfd1 Bc6 25. Qe2 f6 26. Bg3 Qd7 27. Re1 e5 28. Rc5 Qe6 29. Rec1 Kb8 30. Rxc6 bxc6 31. Qxa6 Qc8 32. Qc4 Qb7 33.
h4 Rge8 34. a4 f5 35. b5 Nb6 36. Qxc6 Qxc6 37. Bxc6 Re7 38. a5 f4 39. axb6 fxg3 40. Ra1 Rb7 41. Bxb7 Kxb7 42. fxg3 Kxb6 43. Rb1 Rd3 44.
Kf2 h5 45. Rb4 Rd5 46. Kf3 Rd3+ 47. Kf2 Rd5 48. Ke3 Rxb5 49. Rxb5+ Kxb5 50. Ke4 Kc6 51. Kxe5 Kd7 52. Kf5 Ke7 53. Kg5 Kf7 54. Kxh5 1-0

[Event "Early-Titled-Tuesday-Blitz-October-03-2023"]
[Site "Chess.com"]
[Date "2023.10.03"]
[Round "6"]
[White "zverr1"]
[Black "IwkooO"]
[Result "0-1"]
[WhiteElo "2511"]
[BlackElo "2660"]
[TimeControl "180+1"]
[EndTime "9:07:31 PDT"]
[Termination "IwkooO won on time"]

1. e4 a6 2. d4 e6 3. Bd3 d5 4. Nc3 dxe4 5. Bxe4 Nf6 6. Bf3 c5 7. Nge2 Nc6 8. Be3 cxd4 9. Nxd4 Ne5 10. Qe2 Bb4 11.
O-O Nxf3+ 12. Nxf3 O-O 13. Qc4 Qe7 14. a3 Bd6 15. Rfd1 Bd7 16. Bg5 Bc6 17. Bxf6 gxf6 18. Ne4 Bc7 19. Qc5 Qxc5 20. Nxc5 Rfd8 21. c4 Bb6 22. Nd3 Rac8 23. b3 Be4 24. Nf4 Bc7 25. Nh5 f5 26. Nf6+ Kg7 27. Nxe4 fxe4 28. Ne1 Be5 29.
Rab1 f5 30. Nc2 Kf6 31. Kf1 h5 32. g3 h4 33. Ne3 hxg3 34. hxg3 Rd3 35. Rxd3 exd3 36.
Rd1 Rd8 37. Ke1 Bc3+ 38. Kf1 a5 39. a4 Bb4 40. Kg2 Bc5 41. Kf3 Rd6 42. Nf1 e5 43. Ne3 e4+ 44. Kg2 Bxe3 45. fxe3 Rb6 46. Rb1 Ke5 47.
Kf2 Rh6 48. Kg2 Rd6 49. Kf2 Rb6 50. Ke1 Rh6 51. Kd2 Rh2+ 52. Kc1 Kd6 53. Rb2 Rxb2 54. Kxb2 Kc5 55. Kc3 b6 56. Kb2 Kb4 57. Ka2 Kc3 58. c5 bxc5 0-1

[Event "Early-Titled-Tuesday-Blitz-October-03-2023"]
[Site "Chess.com"]
[Date "2023.10.03"]
[Round "6"]
[White "Alexei_Gubajdullin"]
[Black "AsaHoffmann"]
[Result "1-0"]
[WhiteElo "2746"]
[BlackElo "2394"]
[TimeControl "180+1"]
[EndTime "9:07:32 PDT"]
[Termination "Alexei_Gubajdullin won by resignation"]

1. d4 Nf6 2. Nf3 d6 3. Bf4 Bg4 4. Nbd2 Nbd7 5. h3 Bh5 6. c3 c6 7.
Bh2 e6 8. Qb3 Qb6 9. Nc4 Qxb3 10. axb3 d5 11. Na5 Bxf3 12. exf3 Be7 13. Nxb7 O-O 14.
b4 Nb6 15. Ba6 Nfd7 16. Na5 Rac8 17. Bb7 Bf6 18. Nxc6 Nc4 19. Bxc8 Rxc8 20. Nxa7 Re8 21. O-O Nxb2 22. Nc6 Nc4 23. b5 Bg5 24. f4 Bh6 25. Ra7 Ndb6 26. Rfa1 g5 27. fxg5 Bxg5 28. Rb7 Bd2 29. Ra6 Bxc3 30. Rbxb6 e5 31. Nxe5 Nxb6 32. Rxb6 Bxd4 33. Rd6 Bxe5 34. Rxd5 Bxh2+ 35. Kxh2 Re2 36. Kg3 Rb2 37. f4 Kg7 38. Kf3 Kg6 39. g3 h5 40. h4 f5 41. Rd6+ Kg7 42. b6 Rb3+ 43. Ke2 Rxg3 44. b7 Rb3 45. Rd7+ Kg6 46. Kd2 Kh6 47.
Kc2 Rb5 48. Kc3 Kg6 49. Kc4 Rb1 50. Kc5 Rc1+ 51. Kb6 Rb1+ 52. Kc7 Rc1+ 53. Kd8 Rb1 54. Kc8 Rc1+ 55. Rc7 1-0

[Event "Early-Titled-Tuesday-Blitz-October-03-2023"]
[Site "Chess.com"]
[Date "2023.10.03"]
[Round "6"]
[White "curradogianfigliazzi"]
[Black "Rosh1610"]
[Result "0-1"]
[WhiteElo "2256"]
[BlackElo "2450"]
[TimeControl "180+1"]
[EndTime "9:07:32 PDT"]
[Termination "Rosh1610 won by resignation"]

1. d4 Nf6 2. c4 e6 3. Nc3 Bb4 4. e3 O-O 5. Bd3 b6 6. Ne2 Bb7 7. f3 d5 8. a3 Bd6 9. cxd5 exd5 10. O-O c5 11. Bd2 Nc6 12. Be1 Re8 13. Bf2 a6 14. Rc1 Qc7 15. Bb1 Bxh2+ 16. Kh1 Bd6 17. Qc2 cxd4 18.
exd4 Re6 19. Bh4 Ne4 20. Nxd5 Qd7 21. Nxb6 Qe8 22. fxe4 Rh6 23. g3 Qd8 24. Kg2 Qxb6 25. Ba2 Rf8 26. Bg5 Rg6 27. Bf4 Bxf4 28. Nxf4 Nxd4 29.
Qd3 Rd6 30. Nd5 Bxd5 31. exd5 Qxb2+ 32. Rf2 Qxc1 33. Qxd4 Qh6 34. Qe5 Qg6 35. Bb1 Qh6 36. Bf5 Rf6 37. Qe4 Qg5 38. d6 h6 39. Bh7+ Kh8 40.
d7 Rd6 41. Qe8 Qd8 42. Rxf7 Qxe8 43. dxe8=Q Rxe8 44. Rb7 Rd2+ 0-1

[Event "Early-Titled-Tuesday-Blitz-October-03-2023"]
[Site "Chess.com"]
[Date "2023.10.03"]
[Round "6"]
[White "Arystanner"]
[Black "Elprofessor21"]
[Result "0-1"]
[WhiteElo "2827"]
[BlackElo "2673"]
[TimeControl "180+1"]
[EndTime "9:07:36 PDT"]
[Termination "Elprofessor21 won by resignation"]

1. e4 g6 2. d4 Bg7 3. Nf3 d6 4. c3 Nf6 5. Nbd2 O-O 6. Bd3 c5 7. O-O cxd4 8. cxd4 Nc6 9. a3 Nd7 10. Nb3 e5 11. d5 Ne7 12. Bd2 h6 13. Bb4 Nf6 14.
Nfd2 a5 15. Bc3 a4 16. Nc1 Nh5 17. Ne2 f5 18. f3 f4 19. Bb4 g5 20. Nc4 Rf6 21. h3 Ng6 22. Nc3 Bf8 23. Rf2 Bd7 24.
Nd2 Ng3 25. Bb5 h5 26. Bxd7 Qxd7 27. Nc4 Qd8 28. Rc1 Rc8 29. Nb5 Nh4 30. Ncxd6 Rxc1 31. Qxc1 Bxd6 32. Nxd6 Rxd6 33. Bxd6 Qxd6 34. Qc8+ Qf8 35. Qxf8+ Kxf8 36. Rc2 g4 37. hxg4 hxg4 38. Rc7 gxf3 39. gxf3 Nxf3+ 40. Kg2 Ne1+ 41. Kh3 Nxe4 42.
Rc4 f3 43. Rc8+ Ke7 44. Rc7+ Kd6 45. Rf7 Kxd5 46. Kh2 Kd4 47. b4 axb3 48. a4 b2 49. Rxb7 f2 50. Rb4+ Ke3 51. Rb3+ Ke2 52. Rxb2+ Nd2 53.
a5 f1=Q 0-1

[Event "Early-Titled-Tuesday-Blitz-October-03-2023"]
[Site "Chess.com"]
[Date "2023.10.03"]
[Round "6"]
[White "JACK_BAU3R"]
[Black "Mihajlovskij"]
[Result "1-0"]
[WhiteElo "2019"]
[BlackElo "2263"]
[TimeControl "180+1"]
[EndTime "9:07:36 PDT"]
[Termination "JACK_BAU3R won by resignation"]

1. d4 Nf6 2. c3 g6 3. Bf4 Bg7 4.
Nd2 O-O 5. e4 d6 6. Be2 Nbd7 7.
h4 e5 8. dxe5 dxe5 9. Be3 Qe7 10.
h5 Nc5 11. f3 Rd8 12. Qc2 Be6 13. hxg6 fxg6 14. Nh3 h6 15. Nf2 h5 16. O-O-O Bxa2 17. b3 Na4 18. bxa4 Qa3+ 19. Qb2 Qxa4 20. c4 Nd7 21.
Nd3 Nb6 22. Nb4 Rxd2 23. Rxd2 Bxc4 24. Bxb6 Bxe2 25. Bxc7 Rc8 26. Rxe2 Rxc7+ 27. Rc2 Rxc2+ 28. Nxc2 Bf8 29. Rd1 b5 30. Rd8 a5 31. Qa3 Qxa3+ 32. Nxa3 b4 33. Nc4 Kg7 34. Nxa5 Bc5 35. Nb3 Be3+ 36.
Kc2 Kf6 37. Kd3 Bf4 38. Rb8 Kg5 39. Ke2 Kh4 40. Rxb4 Kg3 41. Kf1 g5 42. Rb5 g4 43. Ke2 Kxg2 44. fxg4 hxg4 45. Nc5 Bh2 46. Nd3 g3 47. Nxe5 Kh1 48. Nf3 g2 49. Rh5 g1=Q 50. Rxh2+ Qxh2+ 51. Nxh2 Kxh2 52. e5 Kg3 53. e6 1-0

[Event "Early-Titled-Tuesday-Blitz-October-03-2023"]
[Site "Chess.com"]
[Date "2023.10.03"]
[Round "6"]
[White "RianKapriaga"]
[Black "MikeSailer"]
[Result "1-0"]
[WhiteElo "2339"]
[BlackElo "2145"]
[TimeControl "180+1"]
[EndTime "9:07:37 PDT"]
[Termination "RianKapriaga won on time"]

1. d4 b5 2. e3 a6 3. a4 Bb7 4.
axb5 axb5 5. Rxa8 Bxa8 6. Nf3 b4 7. Bd2 e6 8. c3 bxc3 9. Nxc3 f5 10. Bc4 Nf6 11.
O-O d5 12. Bb5+ Bc6 13. Bd3 Bd6 14. Ne5 O-O 15. f4 Ne4 16. Nxe4 dxe4 17. Bc4 Bd5 18.
Qb3 Bxe5 19. fxe5 c6 20. Bb4 Rf7 21. Bd6 Nd7 22. Ra1 h6 23. Bxd5 cxd5 24. g3 Nb6 25. Qc3 Nc4 26. b3 Nxd6 27. exd6 Qxd6 28. Ra8+ Kh7 29. b4 Rc7 30. Qa3 e5 31. b5 Qf6 32.
Ra6 Qg5 33. Rc6 Rf7 34. dxe5 f4 35. e6 Rf5 36. e7 fxg3 37. h4 Qxh4 38. Rc2 Qh3 39.
Rg2 Rf2 40. Rxf2 gxf2+ 41. Kxf2 Qh4+ 42. Ke2 Qxe7 43. Qxe7 1-0

[Event "Early-Titled-Tuesday-Blitz-October-03-2023"]
[Site "Chess.com"]
[Date "2023.10.03"]
[Round "6"]
[White "Bilan_Danila"]
[Black "Dmitry_Konenkin"]
[Result "1-0"]
[WhiteElo "2511"]
[BlackElo "2377"]
[TimeControl "180+1"]
[EndTime "9:07:38 PDT"]
[Termination "Bilan_Danila won on time"]

1. d4 d6 2. Nf3 Bg4 3. e4 Nd7 4.
Be2 e5 5. c3 Ngf6 6. Nbd2 Be7 7. O-O O-O 8. Qc2 c6 9. Re1 Qc7 10. Nf1 Rfe8 11. Bg5 Bf8 12. Ne3 Bh5 13. dxe5 dxe5 14.
Nf5 h6 15. Bh4 g5 16. Nxg5 hxg5 17. Bxh5 gxh4 18. Be2 Nc5 19. Bc4 b5 20. Bb3 Nxb3 21. axb3 Nh7 22. Qe2 f6 23. Qg4+ Ng5 24. Nxh4 Qh7 25.
Nf5 Kh8 26. h4 Ne6 27. g3 Bc5 28. Kg2 Rg8 29. Qf3 Nf4+ 30. Kh2 Ng6 31. Rad1 Rad8 32.
Rxd8 Rxd8 33. Kg2 Rg8 34. Kh2 Ne7 35. Ne3 Bxe3 36. Rxe3 Nc8 37. Qxf6+ Qg7 38. Qxc6 Ne7 39.
Qe6 Ng6 40. Qf5 Nxh4 41. Qh5+ Qh7 42. Qxh4 Qxh4+ 43. gxh4 Rg4 44. Rg3 Rxh4+ 45. Rh3 Rxh3+ 46. Kxh3 Kg7 47. Kg4 Kf6 48. f4 a5 49. fxe5+ Kxe5 50.
Kf3 b4 51. Ke3 1-0

[Event "Early-Titled-Tuesday-Blitz-October-03-2023"]
[Site "Chess.com"]
[Date "2023.10.03"]
[Round "6"]
[White "BilodeauA"]
[Black "Hikaru"]
[Result "0-1"]
[WhiteElo "2916"]
[BlackElo "3262"]
[TimeControl "180+1"]
[EndTime "9:07:39 PDT"]
[Termination "Hikaru won by resignation"]

1. e4 a6 2. d4 e6 3. f4 b5 4. Nf3 Bb7 5. Bd3 c5 6. c3 Nf6 7. e5 Nd5 8. O-O cxd4 9. cxd4 g6 10. Nc3 d6 11. Ne4 Nd7 12. Bd2 Qb6 13. Kh1 Be7 14. a4 bxa4 15. Qxa4 Bc6 16. Qa5 Qxa5 17. Rxa5 dxe5 18.
Nxe5 Nxe5 19. fxe5 O-O 20. Rxa6 Rxa6 21. Bxa6 Rb8 22.
Rc1 Rb6 23. Bd3 Kg7 24. Kg1 Bb7 25. Rc3 Nxc3 26. Bxc3 Bb4 27. Nc5 Bxc3 28. bxc3 Bc6 29. Be4 Be8 30. Kf2 Rb2+ 31. Ke3 Bb5 32. Bf3 Rc2 33. Ne4 h6 34. h4 Kf8 35. g3 Ke7 36. Bd1 Rc1 37. Kd2 Ra1 38. Bb3 Bc6 39.
Nf6 Rg1 40. g4 Rh1 41. h5 gxh5 42. gxh5 Bf3 43. c4 Rh2+ 44. Ke3 Rh3 45. Kf4 Bxh5 46.
Bc2 Bg6 47. Bxg6 fxg6 48. d5 Rh4+ 49. Ke3 Rxc4 50. d6+ Kf7 51. Kd3 Ra4 52. Ne4 Ra5 53. Kd4 Rd5+ 54. Kc4 Rxe5 55. Nc5 Rd5 56. d7 Ke7 0-1

[Event "Early-Titled-Tuesday-Blitz-October-03-2023"]
[Site "Chess.com"]
[Date "2023.10.03"]
[Round "6"]
[White "vladislavkovalev"]
[Black "Eagle_2019"]
[Result "1-0"]
[WhiteElo "2865"]
[BlackElo "2682"]
[TimeControl "180+1"]
[EndTime "9:07:39 PDT"]
[Termination "vladislavkovalev won by resignation"]

1. e4 c5 2. Nf3 e6 3. c3 Nf6 4.
e5 Nd5 5. d4 cxd4 6. cxd4 d6 7.
Bc4 Nc6 8. O-O Be7 9. Qe2 O-O 10.
Nbd2 Qb6 11. Ne4 dxe5 12. dxe5 Bd7 13. Rd1 Rac8 14. Bg5 h6 15. Bxe7 Ncxe7 16. Nd6 Rc7 17. Qe4 Bc6 18. Bd3 Ng6 19. Nd4 Nc3 20. Qe3 Nxd1 21. Rxd1 Bd5 22. b3 Rd8 23. f4 Nh4 24. Bf1 Ng6 25. Qf2 Rxd6 26. exd6 Rd7 27. f5 exf5 28. Nxf5 Be6 29. Qxb6 axb6 30. Bd3 Ne5 31. Ne7+ Kf8 32. Be4 Nc6 33. Nxc6 bxc6 34. Bxc6 Rd8 35. Kf2 f5 36. Ke3 Kf7 37. Rd2 Kf6 38. b4 Ke5 39.
d7 f4+ 40. Kf3 g5 41. a4 g4+ 42. Kf2 Kf6 43. a5 bxa5 44. bxa5 Bc4 45. Rd4 Ba6 46. Rxf4+ Ke5 47. Rxg4 Kd6 48. Ba4 Rf8+ 49. Kg3 Kc7 50. Re4 Bb7 51. Re8 1-0

[Event "Early-Titled-Tuesday-Blitz-October-03-2023"]
[Site "Chess.com"]
[Date "2023.10.03"]
[Round "6"]
[White "the_chess_child"]
[Black "Frolyanov_D"]
[Result "1-0"]
[WhiteElo "2858"]
[BlackElo "2674"]
[TimeControl "180+1"]
[EndTime "9:07:39 PDT"]
[Termination "the_chess_child won on time"]

1. e4 e5 2. Nf3 Nf6 3. d3 Nc6 4.
g3 Bc5 5. Bg2 O-O 6. O-O d6 7.
c3 h6 8. b4 Bb6 9. a4 a5 10. b5 Ne7 11. Nbd2 Nh7 12. Bb2 f5 13. d4 fxe4 14. Nxe4 d5 15. Ned2 Bg4 16. Qb3 exd4 17. Nxd4 Ng5 18. f3 Bh3 19. Bxh3 Nxh3+ 20. Kg2 Ng5 21. h4 Bxd4 22. cxd4 Ne6 23. Rae1 Rf6 24.
Re5 Ng6 25. Rxd5 Ngf4+ 26. gxf4 Nxf4+ 27. Kg3 Nxd5 28. Ne4 Rg6+ 29. Kh3 Qd7+ 30. Kh2 Qf5 31. Bc1 Kh8 32. Ng3 Qd7 33. h5 Rf6 34. Ne4 Rf5 35. Ng3 Rf7 36. f4 Raf8 37. f5 c6 38. Ba3 Re8 39. bxc6 bxc6 40. Bc1 Qc7 41. Kh3 Rfe7 42.
Qf3 Nf6 43. Bf4 Qd7 44. Be5 Qd5 45. Qxd5 Nxd5 46. Rc1 Nb4 47. f6 Rf7 48. fxg7+ Kh7 49. Ne4 Nd3 50. Rg1 Nxe5 51. dxe5 Rf3+ 52. Kh2 Rf4 53.
Nf6+ Rxf6 54. exf6 Kg8 55. Rg6 Re2+ 56. Kg3 Re3+ 57.
Kf4 1-0

[Event "Early-Titled-Tuesday-Blitz-October-03-2023"]
[Site "Chess.com"]
[Date "2023.10.03"]
[Round "6"]
[White "Alexchess1984"]
[Black "elmusmolamas"]
[Result "1-0"]
[WhiteElo "2718"]
[BlackElo "2527"]
[TimeControl "180+1"]
[EndTime "9:07:39 PDT"]
[Termination "Alexchess1984 won by resignation"]

1. e4 c5 2. c3 Nf6 3. e5 Nd5 4. Bc4 e6 5. Nf3 Nc6 6. d4 cxd4 7. cxd4 d6 8. O-O Nb6 9. Bb5 Bd7 10. Qe2 a6 11.
Bd3 Nb4 12. Nc3 Nxd3 13. Qxd3 Bc6 14. Bg5 Be7 15. Bxe7 Qxe7 16. Rfe1 O-O 17. Ne4 dxe5 18. dxe5 Bxe4 19. Rxe4 Rfd8 20. Qb3 Nd5 21. h4 Rac8 22. Rd1 Qc7 23. Red4 b5 24. R1d2 Nb6 25. Qd3 Rxd4 26.
Qxd4 h6 27. b3 Nd5 28. g3 Qc3 29. Kg2 Qxd4 30. Nxd4 g6 31. h5 gxh5 32. Nf5 exf5 33. Rxd5 Rc2 34. a4 bxa4 35. bxa4 Rc6 36. Kf3 Kg7 37. a5 Re6 38. Kf4 Kg6 39. Rc5 f6 40.
exf6 Re4+ 41. Kf3 Kxf6 42. Rc6+ Re6 43. Rc7 Re5 44. Rc6+ Re6 45. Rb6 Ke5 46. Rb8 Rd6 47. Ke3 Kd5 48. Kf4 Kc4 49. Rb6 Kc5 50. Rxd6 Kxd6 51.
Kxf5 Kc5 52. Kg6 Kb5 53. f4 Kxa5 54. f5 Kb4 55. f6 a5 56. f7 a4 57. f8=Q+ Kb3 58.
Qf1 a3 59. Qa1 Kc4 1-0